 Dungeon Crawl Stone Soup version 0.29.0-4-gdea44cf6ec (webtiles) character file.

Game seed: 13969231111714785589

522 qw the Chopper (level 7, -5/41 HPs)
             Began as a Tengu Warper on Aug 28, 2022.
             Slain by an iguana (7 damage)
             ... on level 5 of the Dungeon.
             The game lasted 00:00:31 (4399 turns).

qw the Chopper (Tengu Warper)                       Turns: 4399, Time: 00:00:32

Health: -5/41      AC: 11    Str: 13    XL:     7   Next: 22%
Magic:  11/11      EV:  5    Int: 14    God:
Gold:   327        SH:  0    Dex: 13    Spells: 10/10 levels left

rFire   . . .      SeeInvis .   Y - +0 war axe
rCold   . . .      Faith    .   (no shield)
rNeg    + . .      Spirit   .   m - +0 plate armour
rPois   .          Reflect  .   (helmet restricted)
rElec   .          Harm     .   (no cloak)
rCorr   .          Rampage  .   (no gloves)
Will    .....                   (boots unavailable)
Stlth   ..........              i - amulet of regeneration
HPRegen 0.93/turn               b - ring of positive energy
MPRegen 0.12/turn               (no ring)

@: lethally poisoned (-5 -> -13), flying quickly and evasively, quick
A: beak, talons 3, nimble flight
a: no special abilities


You were on level 5 of the Dungeon.
You visited 1 branch of the dungeon, and saw 5 of its levels.

You collected 327 gold pieces.


Innate Abilities, Weirdness & Mutations

You have a beak for a mouth.
You have claws for feet.
Your magical nature lets you fly swiftly and evasively.


   Skills:
 - Level 3.0 Fighting
 + Level 7.4 Axes
 - Level 1.0 Throwing
 - Level 3.0 Armour
 - Level 2.1 Dodging
 - Level 2.0 Spellcasting
 - Level 2.4 Translocations


You had 10 spell levels left.
You didn't know any spells.
Your spell library contained the following spells:

 Spells                   Type           Power      Damage    Failure   Level
 Blink                    Tloc           16%        N/A       100%        2
 Gell's Gravitas          Tloc           8%         N/A       100%        3
 Lesser Beckoning         Tloc           8%         N/A       100%        3
 Teleport Other           Tloc           8%         N/A       100%        3
 Manifold Assault         Tloc           8%         N/A       100%        5

Inventory:

Hand Weapons
 h - a +0 flail of protection
 Y - a +0 war axe (weapon)
Armour
 m - a +0 plate armour (worn)
Jewellery
 b - a ring of positive energy (left hand)
 i - an amulet of regeneration (around neck)
Scrolls
 l - 2 scrolls of identify
Potions
 c - a potion of mutation {unknown}
 d - a potion of might
 e - a potion of cancellation
 g - a potion of resistance
 j - a potion of curing

Dungeon Overview and Level Annotations

Branches:
Dungeon (5/15)
 Temple: D:4-7

Altars:
Gozag
Hepliaklqana
Vehumet


Message History

You feel sick.
The killer bee stings you but does no damage.
The killer bee stings you!
The killer bee stings you but does no damage. x2
A killer bee comes into view.
The killer bee stings you.
The killer bee stings you but does no damage.
The iguana bites you but does no damage.
4397 ||| DRINKING potion of heal wounds.
You feel much better.
You feel sick.
The killer bee stings you but does no damage. x2
The killer bee stings you.
You are more poisoned.
The killer bee poisons you! The killer bee stings you.
The killer bee stings you but does no damage.
The killer bee stings you.
The iguana bites you but does no damage.
You hit the killer bee. Your peck misses the killer bee.
The killer bee is severely wounded.
You hit the iguana. You hit the killer bee. You closely miss the killer bee.
You feel very sick.
The killer bee stings you but does no damage. x2
The killer bee stings you.
The killer bee stings you but does no damage.
The killer bee stings you. x2
You are more poisoned.
The killer bee poisons you!
The iguana bites you but does no damage.
You miss the killer bee.
You claw the killer bee, but do no damage.
You peck the killer bee.
You kill the killer bee!
You completely miss the killer bee. You barely miss the killer bee.
You hit the iguana but do no damage.
You feel very sick. The killer bee stings you. x3
The killer bee stings you but does no damage. x2
The iguana bites you!
You die...

#.# #.# #.#
#.# #
####.##.#
#......#
######.##.##.#
..........##.#
......[......#
.......l######
######y@# #yy#
#.y# #..# #...
##.# #.# ?..


You could see an iguana and 4 killer bees.

Vanquished Creatures
  A sky beast (D:4)
  A kobold brigand (D:4)
  A killer bee (D:5)
  A hound (D:5)
  An orc priest (D:4)
  Ijyb (D:3)
  Jessica (D:2)
  2 orc wizards (D:4)
  4 gnolls (D:4)
  6 adders
  A shadow imp (D:5)
  A worm (D:4)
  11 orcs
  7 ball pythons
  10 endoplasms
  4 giant cockroaches
  7 goblins
  4 hobgoblins
  4 jackals
  7 kobolds
  2 quokkas
  3 bats
  4 frilled lizards
  6 rats
90 creatures vanquished.

Vanquished Creatures (others)
  3 plants (D:4)
  4 toadstools (D:1)
7 creatures vanquished.

Grand Total: 97 creatures vanquished

Notes
Turn   | Place    | Note
-------+----------+-------------------------------------------
     0 | D:1      | qw the Tengu Warper began the quest for the Orb.
     0 | D:1      | Reached XP level 1. HP: 12/12 MP: 4/4
     0 | D:1      | 0 ||| qw: Version: 0.1-a-89-g26bdef1
     0 | D:1      | 0 ||| qw: Game counter: 677
     0 | D:1      | 0 ||| qw: Always use a shield: true
     0 | D:1      | 0 ||| qw: God list: Okawaru
     0 | D:1      | 0 ||| qw: Allow faded altars: false
     0 | D:1      | 0 ||| qw: Do Orc after D:15 true
     0 | D:1      | 0 ||| qw: Do second Lair branch before Depths: true
     0 | D:1      | 0 ||| qw: Lair rune preference: random
     0 | D:1      | 0 ||| qw: Plans: Normal
     0 | D:1      | 0 ||| PLANNING D:1-11
   235 | D:1      | Reached XP level 2. HP: 17/17 MP: 6/6
   241 | D:1      | Reached skill level 3 in Axes
   791 | D:1      | 791 ||| Stepping ~*~*~tactically~*~*~ (stealth).
   797 | D:1      | 797 ||| Stepping ~*~*~tactically~*~*~ (stealth).
   808 | D:1      | 808 ||| Stepping ~*~*~tactically~*~*~ (stealth).
  1193 | D:1      | 1193 ||| UPGRADING to +0 ring mail.
  1203 | D:1      | 1203 ||| DROPPING +0 leather armour.
  1204 | D:1      | 1204 ||| UPGRADING to amulet of regeneration.
  1209 | D:1      | 1209 ||| READING scroll labelled PUHUEX AQIUGG.
  1210 | D:1      | 1210 ||| READING 2 scrolls labelled MUIMIA PUSI.
  1211 | D:1      | 1211 ||| READING scroll labelled KIUNUCL WAKEPT.
  1212 | D:1      | 1212 ||| READING scroll labelled SUILURGH HETYAT.
  1213 | D:1      | 1213 ||| READING scroll labelled TEVOYHEUPUSSU.
  1214 | D:1      | 1214 ||| DRINKING 2 green potions.
  1215 | D:1      | 1215 ||| DROPPING scroll of blinking.
  1216 | D:1      | 1216 ||| DROPPING scroll of immolation.
  1263 | D:2      | 1263 ||| STAIRDANCE
  1271 | D:2      | Reached XP level 3. HP: 21/21 MP: 7/7
  1397 | D:2      | Noticed Jessica
  1404 | D:2      | Reached skill level 4 in Axes
  1409 | D:2      | Killed Jessica
  1410 | D:2      | Reached XP level 4. HP: 26/26 MP: 8/8
  1538 | D:2      | 1538 ||| Stepping ~*~*~tactically~*~*~ (stealth).
  1540 | D:2      | 1540 ||| Stepping ~*~*~tactically~*~*~ (stealth).
  1708 | D:2      | 1708 ||| Stepping ~*~*~tactically~*~*~ (stealth).
  1805 | D:2      | Found a faded altar of an unknown god.
  2036 | D:2      | 2036 ||| UPGRADING to ring of positive energy.
  2037 | D:2      | 2037 ||| READING scroll labelled MEGECV UHARI.
  2038 | D:2      | 2038 ||| READING scroll labelled OPTAGI NYCO.
  2039 | D:2      | 2039 ||| DRINKING 2 fizzy emerald potions.
  2040 | D:2      | 2040 ||| Stepping randomly (stuck).
  2041 | D:2      | 2041 ||| Stepping ~*~*~tactically~*~*~ (cloud).
  2129 | D:3      | Reached skill level 5 in Axes
  2322 | D:3      | 2322 ||| Stepping ~*~*~tactically~*~*~ (stealth).
  2442 | D:3      | Noticed Ijyb
  2450 | D:3      | 2450 ||| DRINKING potion of cancellation.
  2456 | D:3      | Killed Ijyb
  2563 | D:3      | Gained mutation: Your magical nature lets you fly swiftly
                  | and evasively. [Tengu growth]
  2563 | D:3      | Reached XP level 5. HP: 30/30 MP: 9/9
  2901 | D:3      | 2901 ||| UPGRADING to +0 plate armour.
  2911 | D:3      | 2911 ||| DROPPING +0 ring mail.
  2912 | D:3      | 2912 ||| DROPPING ring of wizardry.
  2913 | D:3      | 2913 ||| DRINKING 2 fizzy red potions.
  2953 | D:3      | 2953 ||| READING 4 scrolls of identify.
  2953 | D:3      | 2953 ||| IDENTIFYING pink potion
  2954 | D:3      | 2954 ||| READING 3 scrolls of identify.
  2954 | D:3      | 2954 ||| IDENTIFYING dark potion
  2955 | D:3      | 2955 ||| READING 2 scrolls of identify.
  2955 | D:3      | 2955 ||| IDENTIFYING ruby potion
  2956 | D:3      | 2956 ||| DROPPING potion of lignification.
  2983 | D:4      | 2983 ||| STAIRDANCE
  2990 | D:4      | 2990 ||| STAIRDANCE
  3002 | D:3      | 3002 ||| SWAPPING to +0 war axe.
  3003 | D:3      | 3003 ||| DROPPING +0 hand axe.
  3007 | D:4      | 3007 ||| STAIRDANCE
  3033 | D:3      | 3033 ||| DROPPING +0 club.
  3037 | D:4      | 3037 ||| STAIRDANCE
  3049 | D:4      | 3049 ||| DRINKING potion of curing.
  3049 | D:4      | 3049 ||| (to cure confusion)
  3158 | D:4      | Reached skill level 6 in Axes
  3274 | D:4      | 3274 ||| Stepping ~*~*~tactically~*~*~ (stealth).
  3391 | D:4      | Noticed a sky beast
  3408 | D:4      | HP: 4/30 [something (5)]
  3413 | D:4      | HP: 6/30 [something (4)]
  3413 | D:4      | HP: 1/30 [something (5)]
  3415 | D:4      | Killed a sky beast
  3416 | D:4      | Reached XP level 6. HP: 3/35 MP: 10/10
  3578 | D:4      | 3578 ||| Stepping ~*~*~tactically~*~*~ (hiding).
  3612 | D:4      | 3612 ||| Stepping ~*~*~tactically~*~*~ (stealth).
  3622 | D:4      | Found a radiant altar of Vehumet.
  3624 | D:4      | Found an opulent altar of Gozag.
  3652 | D:4      | Reached skill level 7 in Axes
  3652 | D:4      | 3652 ||| Stepping ~*~*~tactically~*~*~ (stealth).
  3653 | D:4      | 3653 ||| Stepping ~*~*~tactically~*~*~ (stealth).
  3825 | D:4      | Found a hazy altar of Hepliaklqana.
  3970 | D:4      | 3970 ||| Stepping ~*~*~tactically~*~*~ (stealth).
  3974 | D:4      | Reached skill level 3 in Armour
  3981 | D:4      | 3981 ||| Stepping ~*~*~tactically~*~*~ (stealth).
  3985 | D:4      | Reached XP level 7. HP: 29/40 MP: 11/11
  4007 | D:4      | 4007 ||| Stepping ~*~*~tactically~*~*~ (stealth).
  4084 | D:4      | Reached skill level 3 in Fighting
  4222 | D:4      | 4222 ||| DROPPING amulet of magic regeneration.
  4223 | D:4      | 4223 ||| READING scroll labelled ALUCLIOREFA.
  4242 | D:5      | Entered Level 5 of the Dungeon
  4296 | D:5      | 4296 ||| Stepping ~*~*~tactically~*~*~ (stealth).
  4324 | D:5      | 4324 ||| Stepping ~*~*~tactically~*~*~ (stealth).
  4325 | D:5      | 4325 ||| Stepping ~*~*~tactically~*~*~ (stealth).
  4327 | D:5      | 4327 ||| Stepping ~*~*~tactically~*~*~ (stealth).
  4328 | D:5      | 4328 ||| Stepping ~*~*~tactically~*~*~ (stealth).
  4396 | D:5      | HP: 8/41 [killer bee (3)]
  4397 | D:5      | 4397 ||| DRINKING potion of heal wounds.
  4399 | D:5      | HP: 2/41 [killer bee (3)]
  4399 | D:5      | Slain by an iguana

Levels and vault maps discovered:
D:1:      ldierk_walled_garden_2, layout_basic
D:2:      layout_basic, hellmonk_ecumenical_altar_lost_god,
          chequers_serial_rivers_micro_b, uniq_jessica
D:3:      minmay_evil_eye, layout_basic, uniq_ijyb
D:4:      layout_basic, mainiacjoe_overflow_catwalk_spiral,
          kennysheep_little_box, lexackson_kobold_supper
D:5:      layout_loops_ring

Skill      XL: |  1  2  3  4  5  6  7 |
---------------+----------------------+-----
Axes           | 3 4 5 6 7 |  7.4
Armour         | 2 3 |  3.0
Fighting       | 3 |  3.0
Throwing       | |  1.0
Dodging        | |  2.1
Spellcasting   | |  2.0
Translocations | |  2.4

Action                   |  1- 3 |  4- 6 |  7- 9 || total
-------------------------+-------+-------+-------++-------
Melee: Hand axe          |    61 |    59 |       ||   120
       Kick              |     8 |    40 |     9 ||    57
       Peck              |     4 |    24 |     7 ||    35
       War axe           |       |   122 |    33 ||   155
       Punch             |       |     2 |       ||     2
Throw: Boomerang         |     7 |       |       ||     7
  Use: Scroll            |     5 |     5 |     1 ||    11
       Potion            |     1 |     4 |     1 ||     6
Armor: Leather armour    |     9 |       |       ||     9
       Ring mail         |     2 |    11 |       ||    13
       Plate armour      |       |    81 |    40 ||   121
Dodge: Dodged            |    31 |    47 |    10 ||    88

Table legend:
 A = Non-vault XP
 B = Vault XP
 C = Vault XP percentage of total XP
 D = Non-vault monster count
 E = Vault monster count
 F = Vault count percentage of total count
                 A         B        C        D         E       F
            +---------+---------+-------+---------+---------+-------
      Total |     622 |     185 |  22.9 |      77 |      13 |  14.4
            +---------+---------+-------+---------+---------+-------
        D:1 |      33 |       0 |   0.0 |      18 |       0 |   0.0
        D:2 |      40 |      37 |  48.1 |      18 |       1 |   5.3
        D:3 |      25 |      43 |  63.2 |      12 |       4 |  25.0
        D:4 |     380 |     105 |  21.6 |      23 |       8 |  25.8
        D:5 |     144 |       0 |   0.0 |       6 |       0 |   0.0
            +---------+---------+-------+---------+---------+-------
